 Dungeon Crawl Stone Soup version 0.29-a0-845-g6161e89988 (webtiles) character file.

Game seed: 16258551172048458909

167 buhh the Insei (level 5, -2/35 HPs)
             Began as an Octopode Transmuter on July 16, 2022.
             Succumbed to an orc wizard's poison
             ... on level 3 of the Dungeon.
             The game lasted 00:03:06 (3089 turns).

buhh the Insei (Octopode Transmuter)                Turns: 3089, Time: 00:03:06

Health: -2/35      AC:  1    Str: 10    XL:     5   Next: 48%
Magic:  6/8        EV: 14    Int: 17    God:
Gold:   171        SH:  0    Dex: 12    Spells: 2/8 levels left

rFire   . . .      SeeInvis .     - Unarmed
rCold   . . .      Faith    .   (no shield)
rNeg    . . .      Spirit   .   (helmet restricted)
rPois   .          Reflect  .   (no amulet)
rElec   .          Harm     .   (no ring)
rCorr   .          Rampage  .   (no ring)
Will    .....                   (no ring)
Stlth   +++.......              (no ring)
HPRegen 0.11/turn               (no ring)
MPRegen 0.11/turn               (no ring)
                                (no ring)
                                (no ring)

@: mighty, brilliant, lethally poisoned (-2 -> -28)
A: almost no armour, amphibious, 8 rings, camouflage 1, gelatinous body 1,
(nimble swimmer 1), tentacles
a: no special abilities


You were on level 3 of the Dungeon.
You visited 1 branch of the dungeon, and saw 3 of its levels.

You collected 171 gold pieces.

Inventory:

Magical Staves
 b - a staff of fire
Jewellery
 c - a +6 ring of strength
Scrolls
 a - a scroll of enchant weapon {unknown}
 d - a scroll of magic mapping {!d}
 f - 3 scrolls of blinking {unknown}
 k - a scroll of immolation {unknown}
 l - a scroll of noise {unknown}
 o - 2 scrolls of identify {unknown}
 r - 3 scrolls of enchant armour {unknown}
Potions
 g - a potion of mutation {unknown}
 h - a potion of magic {unknown}
 i - a potion of curing {unknown}
 j - a potion of berserk rage {unknown}
 m - 2 potions of might
 n - a potion of lignification {!d}
 p - a potion of flight {unknown}
 q - a potion of heal wounds {unknown}
 s - 2 potions of invisibility {unknown}
 t - a potion of brilliance {!d}


   Skills:
 + Level 2.7 Fighting
 + Level 3.4 Dodging
 - Level 2.0 Stealth
 + Level 4.0 Unarmed Combat
 - Level 2.0 Spellcasting
 - Level 2.0 Transmutations
 - Level 1.0 Poison Magic


You had 2 spell levels left.
You knew the following spells:

 Your Spells              Type           Power      Damage    Failure   Level
a - Beastly Appendage     Tmut           24%        N/A       9%          1
b - Wereblood             Tmut           12%        N/A       13%         2
c - Spider Form           Tmut/Pois      10%        N/A       30%         3

Your spell library contained the following spells:

 Spells                   Type           Power      Damage    Failure   Level
 Magic Dart               Conj           8%         1d3       19%         1
 Call Imp                 Summ           2%         N/A       28%         2
 Mephitic Cloud           Conj/Pois/Air  4%         N/A       45%         3
 Ice Form                 Ice/Tmut       7%         N/A       77%         4


Dungeon Overview and Level Annotations

Branches:
Dungeon (3/15) Zot: 14918

Altars:
Wu Jian
Yredelemnul


Innate Abilities, Weirdness & Mutations

You cannot wear most types of armour.
You are amphibious.
You can wear up to eight rings at the same time.
Your skin changes colour to match your surroundings (Stealth+).
Your rubbery body absorbs attacks. (AC +1, EV +1)
((You are camouflaged when in or above water. (Stealth+)))
You have tentacles for arms and can constrict up to eight enemies at once.


Message History

You hit the iguana but do no damage.
The iguana is poisoned.
The iguana barely misses you.
You hit the iguana.
The iguana looks as sick as possible!
The iguana is moderately wounded.
The iguana completely misses you.
You hit the iguana.
The iguana looks as sick as possible!
The iguana is almost dead.
You kill the iguana!
Your Unarmed Combat skill increases to level 4!
You barely miss something.
You hear some strange, mumbled words.
A magic dart appears from out of thin air!
The magic dart hits you!
You miss something. Something hits you.
You are poisoned.
You barely miss something.
Your transformation has ended.
You feel very sick. Something barely misses you.
You closely miss something. Your squeeze misses something.
You feel very sick. Something hits you.
You are lethally poisoned!
You completely miss something.
You feel very sick. Something hits you.
* * * LOW HITPOINT WARNING * * *
It was a potion of might.
You feel very mighty all of a sudden.
m - 2 potions of might;
f - 3 scrolls labelled HOKERAOKES
* * * LOW HITPOINT WARNING * * *
You feel very sick. Something hits you.
* * * LOW HITPOINT WARNING * * *
You are more poisoned.
A water moccasin comes into view.
It was a potion of brilliance.
You feel clever all of a sudden.
t - a potion of brilliance You die...

.♣ #.###.# .♣
####.#.#.######
.♣
..............#
♣♣
........#####.#
♣ ........# #.#
♣ ........# #.#
.......## #.#
.......######)#
..........{@†.#
......S########
....... o[....l


You could see a water moccasin (wandering).

Vanquished Creatures
  Jessica (D:3)
  An iguana (D:3)
  An orc wizard (D:2)
  A gnoll (D:3)
  An adder (D:3)
  A dart slug (D:3)
  4 orcs
  7 endoplasms
  2 giant cockroaches
  7 goblins
  7 hobgoblins
  4 kobolds
  5 quokkas
  4 ball pythons
  7 bats
  4 frilled lizards
  4 rats
61 creatures vanquished.

Notes
Turn   | Place    | Note
-------+----------+-------------------------------------------
     0 | D:1      | buhh the Octopode Transmuter began the quest for the Orb.
     0 | D:1      | Reached XP level 1. HP: 13/13 MP: 3/3
     8 | D:1      | Found a basalt altar of Yredelemnul.
   160 | D:1      | Reached skill level 1 in Stealth
   161 | D:1      | Reached XP level 2. HP: 15/18 MP: 3/5
   295 | D:1      | Reached skill level 1 in Poison Magic
  1000 | D:2      | Reached XP level 3. HP: 23/23 MP: 3/6
  1280 | D:2      | Reached XP level 4. HP: 29/29 MP: 5/7
  1328 | D:2      | Found a faded altar of an unknown god.
  2334 | D:3      | Noticed Jessica
  2343 | D:3      | Killed Jessica
  2496 | D:3      | Reached XP level 5. HP: 35/35 MP: 6/8
  2592 | D:3      | Found an ornate altar of the Wu Jian Council.
  3070 | D:3      | Learned a level 2 spell: Wereblood
  3074 | D:3      | Learned a level 3 spell: Spider Form
  3083 | D:3      | Reached skill level 4 in Unarmed Combat
  3088 | D:3      | Noticed a water moccasin
  3089 | D:3      | Succumbed to an orc wizard's poison

Illustrated notes

Levels and vault maps discovered:
D:1:      dpeg_arrival_lava_altar, layout_rooms
D:2:      layout_basic, basic_ecumenical_altar
D:3:      kb_forest_paths, layout_basic, pdpol_wu_jian_five_deadly_venoms,
          lemuel_old_faithful, uniq_jessica

Skill      XL: |  1  2  3  4  5 |
---------------+----------------+-----
Stealth        | 1 2 |  2.0
Poison Magic   | 1 |  1.0
Fighting       | 2 |  2.7
Dodging        | 3 |  3.4
Unarmed Combat | 4 |  4.0
Spellcasting   | |  2.0
Transmutations | |  2.0

Action                   |  1- 3 |  4- 6 || total
-------------------------+-------+-------++-------
Melee: Unarmed           |    51 |    65 ||   116
       Constrict         |    17 |    18 ||    35
       Kick              |    17 |    15 ||    32
       Tentacles         |    13 |    12 ||    25
       Punch             |     1 |     5 ||     6
 Cast: Beastly Appendage |    19 |    26 ||    45
       Spider Form       |       |     1 ||     1
  Use: Scroll            |     2 |       ||     2
       Potion            |     1 |     2 ||     3
 Stab: Sleeping          |     3 |     9 ||    12
Armor: Skin              |    13 |     1 ||    14
Dodge: Dodged            |    34 |    21 ||    55

Table legend: (Time is in decaauts)
 A = Elapsed time spent in this place.
 B = Non-inter-level travel time spent in this place.
 C = Inter-level travel time spent in this place.
 D = Time resting spent in this place.
 E = Time spent auto-exploring this place.
 F = Levels seen in this place.
 G = Mean time per level.
                   A        B        C        D        E       F      G
               +--------+--------+--------+--------+--------+-----+--------+
         Total |   3081 |   3010 |     71 |     11 |   2521 |   3 | 1027.0 |
       Dungeon |   3081 |   3010 |     71 |     11 |   2521 |   3 | 1027.0 |
               +--------+--------+--------+--------+--------+-----+--------+

Top non-repeatable levels by time:
     D:2: 1272 daAuts
     D:1: 987 daAuts
     D:3: 821 daAuts
